 Dungeon Crawl Stone Soup version 0.17-a0-737-gf0a300a (webtiles) character file.

33530 Marien the Slicer (level 13, -2/95 (97) HPs)
             Began as an Octopode Enchanter on Apr 26, 2015.
             Was an Elder of Elyvilon (penitent).
             Slain by a sixfirhy (7 damage)
             ... summoned by an orc high priest
             ... on level 4 of the Orcish Mines on Apr 27, 2015.
             The game lasted 02:42:25 (26728 turns).

Marien the Slicer (Octopode Enchanter)             Turns: 26728, Time: 02:42:25

HP:   -2/95 (97)    AC:  4    Str: 18    XL:     13   Next: 71%
MP:   22/27         EV: 19    Int: 20    God:    Elyvilon [*]
Gold: 986           SH:  0    Dex: 15    Spells: 3 memorised, 25 levels left

rFire  . . .     SeeInvis +     W - +0 short sword (freeze)
rCold  . . .     Clarity  .     (no shield)
rNeg   + . .     SustAb   +     (helmet restricted)
rPois  .         Gourm    .     B - amulet of regeneration
rElec  .         Spirit   .     a - ring of see invisible (curse)
rCorr  .         Warding  .     t - ring of flight
rMut   .         NoTele   +     G - ring of sustain abilities
MR     ++...                    K - ring "Fiasuohy" {MR+ Dex+2}
Stlth  +++.......               V - ring of Qieffuc {-Tele rN+ MR+ Str+9 Stlth-}
                                o - +3 ring of protection
                                (no ring)
                                (no ring)

@: very resistant to hostile enchantments, fairly stealthy
A: almost no armour, amphibious, 8 rings, constrict 8, camouflage 1, gelatinous
body 1
a: Renounce Religion, Evoke Flight


You were on level 4 of the Orcish Mines.
You worshipped Elyvilon.
Elyvilon was demanding penance.
You were hungry.

You visited 3 branches of the dungeon, and saw 21 of its levels.

You collected 2320 gold pieces.
You spent 1334 gold pieces at shops.

Inventory:

Hand weapons
 W - a +0 short sword of freezing (weapon)
Jewellery
 a - a cursed ring of see invisible (left tentacle)
 o - a +3 ring of protection (on tentacle)
 t - a ring of flight (right tentacle)
 B - an amulet of regeneration (around mantle)
 G - a ring of sustain abilities (on tentacle)
 K - the ring "Fiasuohy" (on tentacle) {MR+ Dex+2}
   (You found it on level 10 of the Dungeon)

   [ring of protection from magic]

   It affects your dexterity (+2).
   It affects your resistance to hostile enchantments.
 V - the ring of Qieffuc (on tentacle) {-Tele rN+ MR+ Str+9 Stlth-}
   (You bought it in a shop on level 7 of the Dungeon)

   [ring of loudness]

   It affects your strength (+9).
   It protects you from negative energy.
   It affects your resistance to hostile enchantments.
   It prevents most forms of teleportation.
   It makes you less stealthy.
Magical devices
 g - a wand of magic darts (21)
 u - a wand of slowing (10)
 z - a wand of teleportation (2)
 C - a wand of magic darts (20)
 H - a wand of slowing (31)
 I - a wand of cold (2)
 M - a wand of disintegration (10)
 P - a wand of frost (6)
 S - a wand of heal wounds (6)
 U - a wand of teleportation (0)
 Y - a wand of flame (17)
Scrolls
 b - 4 scrolls of remove curse {unknown}
 i - 6 scrolls of teleportation {unknown}
 l - 2 scrolls of enchant weapon {unknown}
 p - a scroll of enchant armour {unknown}
 q - 3 scrolls of random uselessness {unknown}
 v - 4 scrolls of immolation {unknown}
 x - 2 scrolls of noise {unknown}
 y - 3 scrolls of blinking {unknown}
 D - 2 scrolls of magic mapping {unknown}
 E - 2 scrolls of fear {unknown}
 L - a scroll of silence {unknown}
 Q - a scroll of recharging {unknown}
 R - a scroll of amnesia {unknown}
Potions
 e - 2 potions of restore abilities
 h - 4 potions of curing
 j - a potion of invisibility
 n - 5 potions of brilliance
 r - 3 potions of cancellation
 s - a potion of cure mutation
 w - a potion of heal wounds
 A - 3 potions of berserk rage {unknown}
 J - a potion of resistance
 N - 2 potions of might
 T - 2 potions of agility
Books
 k - a book of Necromancy

   Spells                             Type                      Level
   a - Pain                           Necromancy                   1
   b - Animate Skeleton               Necromancy                   1
   c - Vampiric Draining              Necromancy                   3
   d - Regeneration                   Charms/Necromancy            3
   e - Animate Dead                   Necromancy                   4
   f - Control Undead                 Necromancy                   4
   Elyvilon opposes the use of such an evil item.
Miscellaneous
 O - a sack of spiders {used: 6}
Comestibles
 c - 10 bread rations
 d - 2 royal jellies
 f - 4 beef jerkies
 m - 8 meat rations
 F - 24 fruits


   Skills:
 + Level 12.2 Fighting
 + Level 12.3 Short Blades
 + Level 10.6 Dodging
 - Level 4.0 Stealth
 - Level 10.0 Spellcasting
 - Level 4.6 Hexes


You had 25 spell levels left.
You knew the following spells:

 Your Spells              Type           Power        Failure   Level  Hunger
a - Corona                Hex            ####...      1%          1    None
b - Tukima's Dance        Hex            ####....     3%          3    None
c - Confuse               Hex            ####....     3%          3    None


Dungeon Overview and Level Annotations

Branches:
Dungeon (13/15)            Temple (0/1) D:4            Lair (4/8) D:11
    Orc (4/4) D:10            Elf (0/3) Orc:3
  Swamp: Lair:3-6    Shoals: Lair:3-6     Snake: Lair:3-6    Spider: Lair:3-6
 Vaults: D:13-14

Altars:
Cheibriados
Elyvilon
Fedhas
Gozag
Kikubaaqudgha
Okawaru
Ru
Vehumet
Yredelemnul
Zin
Beogh

Shops:
D:7 ([=   D:9 !   D:10 *   Orc:2 (   Orc:4 !(([[


Innate Abilities, Weirdness & Mutations

You cannot wear most types of armour.
You are amphibious.
You can wear up to eight rings at the same time.
You can use your tentacles to constrict eight enemies at once.
Your skin changes colour to match your surroundings (Stealth).
Your rubbery body absorbs attacks (AC +1).


Message History

The sixfirhy hits you! The sixfirhy shocks you!
The sixfirhy closely misses you. The sixfirhy barely misses you.
The orc closely misses you. The sixfirhy hits you. The sixfirhy shocks you!
The orc misses you.
An orc comes into view. It is wielding a flail.
The orc completely misses you.
The orc throws a silver tomahawk.
The silver tomahawk hits you.
* * * LOW HITPOINT WARNING * * *
You see here a silver tomahawk.
The sixfirhy hits you.
* * * LOW HITPOINT WARNING * * *
The sixfirhy shocks you!
* * * LOW HITPOINT WARNING * * *
The sixfirhy completely misses you.
The orc throws a silver tomahawk.
The silver tomahawk hits you.
* * * LOW HITPOINT WARNING * * *
The sixfirhy hits you!
* * * LOW HITPOINT WARNING * * *
The sixfirhy shocks you!
You die...

.#..#......##).......##.∩.##..#
.#..#.....#.##.##.....#####..##
.#..#.....###)..##..........##
.#)##........[..###o...##########
..........#.....o..o.............
.........###......o.....#########
÷.......####.....o.....###...#...
#........#.##....4.....# #...#...
#.....#.#...#...@.....####...#...
#......##....[....))(.#.8##'###'#
#......#...[....)...8.'........[.
#..#...#()#...).[)..(.').[..)8...
...#....[)#)..#.#..[8)).)[)......
...#....[(.#.###..((..#.8##'###'#
#######...#.####......####...#...
.#####..[.#.# #........# #...#...
[...#..[)#### ##.#..##.###...#...


You could see a sixfirhy and 5 orcs.

Vanquished Creatures
  An orc warlord (Orc:4)
  Nessos (Orc:3)
  Harold (Lair:2)
  Erica (Lair:2)
  3 orc high priests (Orc:4)
  Nergalle (Orc:3)
  3 unseen horrors
  3 hill giants
  A cyclops (D:11)
  An orc sorcerer (Orc:4)
  A dancing weapon (D:10)
  2 black mambas (Lair:1)
  Maurice (D:12)
  Joseph (D:7)
  A gargoyle (D:12)
  3 spiny frogs
  A kobold demonologist (D:11)
  A komodo dragon (Lair:2)
  2 trolls
  6 slime creatures
  2 shadows
  2 wyverns
  A deep elf mage (D:11)
  25 yaks
  A basilisk (Lair:3)
  A hungry ghost (D:10)
  7 water moccasins
  4 hippogriffs
  7 wargs
  3 ice beasts
  29 orc warriors
  6 porcupines
  Duvessa (D:7)
  A black bear (D:9)
  4 sky beasts
  A wasp (D:11)
  4 necrophages (D:11)
  An eye of draining (D:11)
  6 ogres
  2 phantoms
  5 crocodiles
  4 centaurs
  A big kobold (D:10)
  15 giant frogs
  Dowan (D:7)
  2 scorpions
  A wight (D:11)
  6 killer bees (D:10)
  2 quasits
  2 centaur zombies
  3 crimson imps
  3 centaur skeletons
  A giant frog zombie (D:11)
  2 jellies
  3 giant frog skeletons
  6 hounds
  28 orc priests
  11 worker ants
  34 orc wizards
  8 iguanas
  A killer bee zombie (D:11)
  2 hound zombies
  A mummy (D:5)
  8 river rats
  A worker ant zombie (D:10)
  2 gnolls (D:6)
  10 adders
  3 shadow imps
  An ooze (D:2)
  2 adder zombies
  2 worms
  An adder skeleton (D:9)
  162 orcs
  18 bats
  A bat skeleton (D:5)
  12 goblins
  17 hobgoblins
  2 jackals (D:5)
  13 kobolds
  8 quokkas
  3 ball pythons
  8 giant cockroaches
  A giant cockroach zombie (D:5)
  5 giant geckos
  A giant gecko zombie (D:5)
  6 giant newts
  2 goblin zombies (D:5)
  A jackal skeleton (D:7)
  13 rats
  6 ballistomycetes (D:8)
594 creatures vanquished.

Vanquished Creatures (collateral kills)
  The ghost of Leibowitz the Nimble, a powerful KoGl of Okawaru (D:12)
  A catoblepas (Lair:3)
  2 two-headed ogres
  12 orc warriors
  4 ogres
  A big kobold (D:9)
  2 wights (D:11)
  4 orc priests
  5 orc wizards
  A gnoll (D:6)
  3 river rats (Lair:3)
  49 orcs
  A hobgoblin (D:11)
  2 goblins
  A quokka (D:8)
89 creatures vanquished.

Vanquished Creatures (others)
  23 dancing weapons
  A fire vortex (Orc:3)
  2 spiders (Lair:3)
  An orc (Orc:3)
  A giant cockroach (D:12)
  A giant spore (D:8)
  A ballistomycete (D:8)
30 creatures vanquished.

Grand Total: 713 creatures vanquished

Notes
Turn   | Place    | Note
--------------------------------------------------------------
     0 | D:1      | Marien, the Octopode Enchanter, began the quest for the Orb.
     0 | D:1      | Reached XP level 1. HP: 11/11 MP: 3/3
     6 | D:1      | Found an iron altar of Okawaru.
   599 | D:1      | Reached XP level 2. HP: 13/17 MP: 5/5
  1406 | D:2      | Reached XP level 3. HP: 12/21 MP: 7/7
  1530 | D:2      | Learned a level 3 spell: Tukima's Dance
  1673 | D:2      | Reached skill level 1 in Fighting
  1806 | D:2      | Found a white marble altar of Elyvilon.
  1820 | D:2      | Became a worshipper of Elyvilon the Healer
  2662 | D:3      | Found a glowing silver altar of Zin.
  2745 | D:3      | Reached XP level 4. HP: 20/28 MP: 8/8
  2894 | D:3      | Found an opulent altar of Gozag.
  3294 | D:4      | Acquired Elyvilon's first power
  3310 | D:4      | Found a snail-covered altar of Cheibriados.
  3534 | D:4      | Found a basalt altar of Yredelemnul.
  3552 | D:3      | Learned a level 3 spell: Confuse
  3589 | D:4      | Reached XP level 5. HP: 26/35 MP: 2/9
  3853 | D:4      | Found a sacrificial altar of Ru.
  4073 | D:4      | Found a staircase to the Ecumenical Temple.
  4260 | D:4      | Reached XP level 6. HP: 31/42 MP: 1/10
  4708 | D:4      | Found a blossoming altar of Fedhas.
  4813 | D:4      | Found an ancient bone altar of Kikubaaqudgha.
  4891 | D:4      | Found a radiant altar of Vehumet.
  5067 | D:5      | Entered Level 5 of the Dungeon
  5072 | D:5      | Found an iron altar of Okawaru.
  5102 | D:5      | Reached XP level 7. HP: 37/48 MP: 2/11
  5258 | D:5      | Acquired Elyvilon's second power
  6189 | D:5      | Reached skill level 5 in Fighting
  6714 | D:6      | Reached XP level 8. HP: 55/57 MP: 0/12
  6813 | D:6      | You fall through a shaft for 3 floors!
  6863 | D:9      | Reached skill level 5 in Short Blades
  6877 | D:9      | Reached skill level 6 in Fighting
  7137 | D:9      | Found Ulust's Distillery.
  7647 | D:9      | Acquired Elyvilon's third power
  7761 | D:9      | Reached skill level 7 in Fighting
  7937 | D:9      | Reached XP level 9. HP: 57/64 MP: 0/13
  8449 | D:8      | Reached skill level 8 in Fighting
  9474 | D:7      | Found Bewkethez's Antique Armour Emporium.
  9481 | D:7      | Noticed Duvessa
  9481 | D:7      | Noticed Dowan
  9504 | D:7      | Killed Duvessa
  9517 | D:7      | Elyvilon protects you from harm!
  9627 | D:7      | Killed Dowan
  9947 | D:7      | Noticed Joseph
  9966 | D:7      | Killed Joseph
  9966 | D:7      | Reached skill level 9 in Fighting
 10020 | D:7      | Found Kaf Puin's Jewellery Shop.
 10247 | D:9      | Bought a potion of beneficial mutation for 560 gold pieces
 10247 | D:9      | Gained mutation: You evolve. [potion of beneficial mutation]
 10261 | D:10     | Entered Level 10 of the Dungeon
 10277 | D:10     | Reached XP level 10. HP: 74/74 MP: 8/14
 10278 | D:10     | Found Wuthron's Assorted Antiques.
 10296 | D:10     | Bought a scroll of identify for 48 gold pieces
 10363 | D:10     | Noticed a centaur skeleton
 10365 | D:10     | Acquired Elyvilon's fourth power
 10392 | D:10     | Killed a centaur skeleton
 10434 | D:10     | Found a staircase to the Orcish Mines.
 10550 | D:10     | Reached skill level 10 in Fighting
 10876 | D:11     | Noticed a cyclops
 11250 | D:10     | Noticed a hill giant
 11569 | D:10     | Reached skill level 10 in Short Blades
 11611 | D:10     | Got a wavering brass ring
 12073 | D:10     | Reached skill level 5 in Spellcasting
 12412 | D:10     | Lost mutation: You evolve. [evolution]
 12561 | D:11     | Reached XP level 11. HP: 81/81 MP: 8/21
 12702 | D:11     | Killed a cyclops
 12798 | D:11     | Identified the ring "Fiasuohy" {MR+ Dex+2} (You found it on level 10 of the Dungeon)
 13071 | D:11     | Noticed a death yak
 13075 | D:11     | Found a staircase to the Lair.
 13141 | D:10     | Killed a hill giant
 13200 | Orc:1    | Entered Level 1 of the Orcish Mines
 13226 | D:10     | Was placed under penance by Elyvilon
 14299 | Orc:2    | HP: 4/81 [orc warrior/glaive (19)]
 15122 | Orc:2    | Found Murgh's Weapon Shoppe.
 15516 | D:7      | Bought the ring "Awonid" {+Fly MR++ Str+6 Int-5} for 350 gold pieces
 15577 | D:7      | Found Cosiri's Weapon Emporium.
 16042 | D:11     | Noticed an unseen horror
 16055 | Lair:1   | Entered Level 1 of the Lair of Beasts
 16351 | Lair:1   | Reached skill level 10 in Spellcasting
 16369 | Lair:1   | Was forgiven by Elyvilon
 17195 | Lair:2   | Reached skill level 5 in Dodging
 17561 | Lair:2   | Noticed Harold
 17609 | Lair:2   | Killed Harold
 17609 | Lair:2   | Reached XP level 12. HP: 71/87 MP: 11/26
 17656 | Lair:2   | Noticed Erica
 17926 | Lair:2   | Killed Erica
 18536 | D:7      | Bought the ring of Qieffuc {-Tele rN+ MR+ Str+9 Stlth-} for 376 gold pieces
 18686 | Lair:3   | Noticed a catoblepas
 19099 | Orc:3    | Noticed Nessos
 19104 | Orc:3    | Killed Nessos
 19231 | Orc:3    | Noticed Nergalle
 19501 | Orc:3    | Found a staircase to the Elven Halls.
 19580 | Orc:3    | Killed Nergalle
 19753 | Orc:4    | Entered Level 4 of the Orcish Mines
 19845 | Orc:4    | Found Hoabliyt's Distillery.
 19888 | Orc:4    | Noticed an orc high priest
 20147 | Orc:4    | Killed an orc high priest
 20272 | Orc:4    | Noticed an orc high priest
 20393 | Orc:4    | Found a roughly hewn altar of Beogh.
 20459 | Orc:4    | Noticed an orc warlord
 21129 | D:11     | Killed an unseen horror
 21129 | D:11     | Reached skill level 11 in Short Blades
 21869 | D:12     | Noticed Maurice
 21874 | D:12     | Noticed Leibowitz's ghost (powerful KoGl)
 21882 | D:12     | Killed Maurice
 21925 | D:12     | Reached XP level 13. HP: 89/93 MP: 24/27
 22463 | D:12     | Killed Leibowitz's ghost
 23475 | D:13     | Reached skill level 10 in Dodging
 24107 | Lair:3   | Killed a catoblepas
 24453 | Lair:3   | Reached skill level 12 in Short Blades
 24951 | Orc:4    | Killed an orc warlord
 25137 | Orc:4    | Killed an orc high priest
 25228 | Orc:4    | Noticed an orc high priest
 25769 | Orc:4    | Killed an orc high priest
 25890 | Orc:4    | Found a roughly hewn altar of Beogh.
 25890 | Orc:4    | Found Wutoleo's Antique Armour Shop.
 25892 | Orc:4    | Found Nunwod's Antique Weapon Boutique.
 25981 | Orc:4    | Found a roughly hewn altar of Beogh.
 26208 | Orc:4    | Found Dazad's Antique Weapon Emporium.
 26251 | Orc:4    | Found a roughly hewn altar of Beogh.
 26253 | Orc:4    | Was placed under penance by Elyvilon
 26295 | Orc:4    | Found Sijunene's Armour Boutique.
 26728 | Orc:4    | Slain by a sixfirhy

Action                   |  1- 3 |  4- 6 |  7- 9 | 10-12 | 13-15 || total
-------------------------+-------+-------+-------+-------+-------++-------
Melee: Dagger            |    56 |    49 |   461 |  1166 |       ||  1732
       Rapier            |    39 |    74 |       |       |       ||   113
       Short sword       |       |       |       |   262 |   522 ||   784
 Cast: Corona            |     1 |     4 |       |       |     2 ||     7
       Confuse           |       |    15 |    53 |   174 |    70 ||   312
       Tukima's Dance    |       |     7 |    28 |    95 |    51 ||   181
Invok: Lesser Healing    |       |     2 |       |     1 |       ||     3
       Divine Protection |       |       |     1 |     3 |       ||     4
       Heal Other        |       |       |       |     6 |       ||     6
       Greater Healing   |       |       |       |       |     4 ||     4
Evoke: Wand              |       |       |     4 |     1 |     3 ||     8
       Sack of spiders   |       |       |       |       |     6 ||     6
  Use: Scroll            |     5 |     2 |     3 |     8 |     2 ||    20
       Potion            |       |     1 |     1 |     7 |     2 ||    11
 Stab: Sleeping          |     7 |     7 |    19 |    10 |     4 ||    47
       Distracted        |     1 |       |     2 |       |     4 ||     7
       Confused          |       |     1 |    20 |    92 |    22 ||   135
  Eat: Chunk             |     6 |     5 |    25 |    56 |    19 ||   111
       Bread ration      |       |     1 |       |       |       ||     1
       Fruit             |       |       |       |     1 |     2 ||     3
       Pizza             |       |       |       |       |     1 ||     1
